 Dungeon Crawl Stone Soup version 0.23-a0-516-g0f8c245 (webtiles) character file.

115 galech the Skirmisher (level 4, -2/35 HPs)
             Began as a Demonspawn Fighter on Dec 5, 2018.
             Slain by Sigmund
             ... wielding a +0 scythe
              (4 damage)
             ... on level 2 of the Dungeon.
             The game lasted 00:01:55 (1127 turns).

galech the Skirmisher (Demonspawn Fighter)          Turns: 1127, Time: 00:01:55

Health: -2/35      AC:  9    Str: 16    XL:     4   Next: 68%
Magic:  4/4        EV:  4    Int:  9    God:
Gold:   127        SH:  9    Dex: 14    Spells: 3/3 levels left

rFire    + . .     SeeInvis .   a - +0 war axe
rCold    . . .     Gourm    .   c - +0 shield
rNeg     + . .     Faith    .   e - +0 chain mail
rPois    .         Spirit   .   (helmet restricted)
rElec    .         Reflect  .   (no cloak)
rCorr    .         Harm     .   (no gloves)
MR       .....                  (no boots)
Stlth    ..........             (no amulet)
HPRegen  0.11/turn              g - ring of positive energy
MPRegen  0.09/turn              (no ring)

@: no status effects
A: antennae 1, fire resistance 1
a: no special abilities


You were on level 2 of the Dungeon.
You were not hungry.

You visited 1 branch of the dungeon, and saw 2 of its levels.

You collected 127 gold pieces.

Inventory:

Hand Weapons
 a - a +0 war axe (weapon)
Armour
 c - a +0 shield (worn)
 e - a +0 chain mail (worn)
Jewellery
 g - a ring of positive energy (left hand)
Scrolls
 d - a scroll of fog {unknown}
 h - 2 scrolls of remove curse {unknown}
 i - 2 scrolls of teleportation {unknown}
 l - 2 scrolls of identify {unknown}
 m - a scroll of enchant weapon {unknown}
 n - a scroll of magic mapping {unknown}
Potions
 b - a potion of curing {unknown}
 k - a potion of agility {unknown}
 o - a potion of heal wounds {unknown}
 p - a potion of magic {unknown}
Comestibles
 f - 3 rations
 j - 2 chunks of flesh


   Skills:
 + Level 3.4 Fighting
 + Level 3.2 Axes
 + Level 3.1 Armour
 + Level 0.3 Dodging
 + Level 3.3 Shields


You had 3 spell levels left.
You didn't know any spells.
Your spell library was empty.

Dungeon Overview and Level Annotations

Branches:
Dungeon (2/15)

Altars:

Annotations:
D:2 Sigmund


Innate Abilities, Weirdness & Mutations

You have a pair of small antennae on your head.
Your flesh is heat resistant. (rF+)


Message History

Your shield and chain mail prevent you from hitting something.
Something hits you but does no damage.
Your shield and chain mail prevent you from hitting something.
You block something's attack.
You slash something!
You hear some strange, mumbled words.
A puff of flame appears from out of thin air!
You block the puff of flame.
Your shield and chain mail prevent you from hitting something.
You block something's attack.
You closely miss something. Something hits you!
* * * LOW HITPOINT WARNING * * *
You miss something. Something hits you!
* * * LOW HITPOINT WARNING * * *
You miss something.
You hear some strange, mumbled words.
A puff of flame appears from out of thin air!
The puff of flame hits you! You resist.
You miss something. Something hits you.
You die...

#.# #.##..# #.# #.#...#
..#####.## #####.#..##
...?.....# ##.....#.<#
...$.##..#####..##.....#
..h #...#....###.##..# ##
. #.#...#### #.##..# #.
#.#.{.######.##..####.
#...#@#......#...##...
.....###.................
.#.#................#.#..
##...###..)).............
#......#...<........#####
#.....^..)#.......#..#
#........[...##....#.#
#......#..÷..........####
##.......÷.##.............


There were no monsters in sight!

Vanquished Creatures
  A gnoll (D:1)
  6 adders (D:2)
  2 dart slugs (D:1)
  2 leopard geckos (D:2)
  3 giant cockroaches (D:1)
  8 goblins
  3 hobgoblins (D:1)
  4 jackals
  4 kobolds
  A quokka (D:2)
  A ball python (D:2)
  5 bats
  6 frilled lizards
  A leopard gecko skeleton (D:2)
  2 rats
49 creatures vanquished.

Notes
Turn   | Place    | Note
-------+----------+-------------------------------------------
     0 | D:1      | galech the Demonspawn Fighter began the quest for the Orb.
     0 | D:1      | Reached XP level 1. HP: 18/18 MP: 1/1
   105 | D:1      | Gained mutation: Your flesh is heat resistant. (rF+)
                  | [demonic ancestry]
   105 | D:1      | Reached XP level 2. HP: 15/24 MP: 2/2
   443 | D:1      | Reached XP level 3. HP: 27/29 MP: 3/3
   647 | D:2      | Gained mutation: You have a pair of small antennae on your
                  | head. [demonic ancestry]
   647 | D:2      | Reached XP level 4. HP: 16/35 MP: 4/4
  1092 | D:2      | Noticed Sigmund
  1127 | D:2      | Slain by Sigmund

Vault maps used:
D:1:      minmay_arrival_glassed_features, minmay_bisected
D:2:      gammafunk_temple_overflow_wave, uniq_sigmund

Skill      XL: |  1  2  3  4 |
---------------+-------------+-----
Axes           | 2 3 |  3.2
Armour         | 3 |  3.1
Shields        | 3 |  3.3
Fighting       | |  3.4
Dodging        | |  0.3

Action                   |  1- 3 |  4- 6 || total
-------------------------+-------+-------++-------
Melee: War axe           |    79 |    67 ||   146
  Use: Potion            |     1 |       ||     1
  Eat: Chunk             |       |     1 ||     1
Armor: Chain mail        |    66 |    44 ||   110
       Scale mail        |     2 |       ||     2
Dodge: Dodged            |    26 |    15 ||    41
Block: Shield            |    60 |    42 ||   102

Table legend:
 A = Non-vault XP
 B = Vault XP
 C = Vault XP percentage of total XP
 D = Non-vault monster count
 E = Vault monster count
 F = Vault count percentage of total count
                 A         B        C        D         E       F
            +---------+---------+-------+---------+---------+-------
      Total |     160 |       5 |   3.0 |      45 |       4 |   8.2
            +---------+---------+-------+---------+---------+-------
        D:1 |      42 |       5 |  10.6 |      14 |       4 |  22.2
        D:2 |     118 |       0 |   0.0 |      31 |       0 |   0.0
            +---------+---------+-------+---------+---------+-------
